 Dungeon Crawl Stone Soup version 0.13-a0-2641-gc68e7bd (console) character file.

586 5ubbak the Sneak (level 6, -1/36 HPs)
             Began as an Octopode Enchanter on Aug 7, 2013.
             Slain by a jelly (3 damage)
             ... on Level 5 of the Dungeon.
             The game lasted 00:23:39 (7046 turns).

5ubbak the Sneak (Octopode Enchanter)               Turns: 7046, Time: 00:23:39

HP  -1/36        AC  1     Str  8      XL: 6   Next: 63%
MP   1/10        EV 13     Int 19      God:
Gold 231         SH  0     Dex 12      Spells:  3 memorised,  2 levels left

Res.Fire  : . . .   See Invis. : .   C - +2,+1 short sword
Res.Cold  : . . .   Warding    : .   (no shield)
Life Prot.: . . .   Conserve   : .   (helmet restricted)
Res.Poison: .       Res.Corr.  : .   (no amulet)
Res.Elec. : .       Clarity    : .   g - ring of flight
Sust.Abil.: . .     Spirit.Shd : .   m - ring of protection from magic
Res.Mut.  : .       Stasis     : .   (no ring)
Res.Rott. : .       Flight     : .   (no ring)
Saprovore : . . .                    (no ring)
                                     (no ring)
                                     (no ring)
                                     (no ring)

@: somewhat resistant to hostile enchantments, very stealthy
A: almost no armour, amphibious, 8 rings, constrict 8, camouflage 1, AC +1
a: Evoke Flight


You were on level 5 of the Dungeon.
You were not hungry.

You visited 1 branch of the dungeon, and saw 5 of its levels.

You collected 211 gold pieces.

Inventory:

Hand weapons
 a - a +1,+1 dagger {=f}
 C - a +2,+1 short sword (weapon)
Missiles
 d - 12 darts (quivered)
Comestibles
 h - a chunk of goblin flesh
 j - a meat ration
 w - an orange
 x - an apple
 z - a choko
Scrolls
 e - 3 scrolls of magic mapping
 i - a scroll of enchant weapon II {unknown}
 l - 2 scrolls of remove curse {unknown}
 n - 3 scrolls of noise {unknown}
 o - 2 scrolls of recharging {unknown}
 r - a scroll of fear {unknown}
 s - a scroll of curse armour {unknown}
 t - a scroll of enchant weapon I {unknown}
 u - 2 scrolls of identify
 v - a scroll of curse weapon {unknown}
 y - 3 scrolls of enchant armour {unknown}
 A - a scroll of teleportation
 B - a scroll of fog {unknown}
Jewellery
 g - a ring of flight (left tentacle)
 m - a ring of protection from magic (right tentacle)
 q - an uncursed amulet of faith
Potions
 f - a potion of porridge {unknown}
 k - 2 potions of restore abilities
 p - a potion of brilliance {unknown}
Books
 b - a book of Flames

   Spells                             Type                      Level
   Flame Tongue                       Conjuration/Fire             1
   Throw Flame                        Conjuration/Fire             2
   Conjure Flame                      Conjuration/Fire             3
   Inner Flame                        Hexes/Fire                   3
   Sticky Flame                       Conjuration/Fire             4
   Fireball                           Conjuration/Fire             5
 c - a book of Maledictions

   Spells                             Type                      Level
   *Corona                            Hexes                        1
   Sure Blade                         Hexes/Charms                 2
   *Ensorcelled Hibernation           Hexes/Ice                    2
   *Confuse                           Hexes                        3
   Enslavement                        Hexes                        4
   Invisibility                       Hexes                        6


   Skills:
 + Level 0.8 Fighting
 + Level 1.3 Short Blades
 - Level 1.0 Throwing
 + Level 3.5 Dodging
 + Level 5.4 Stealth
 + Level 1.7 Spellcasting
 * Level 4.7 Hexes
 + Level 1.3 Ice Magic


You had 2 spell levels left.
You knew the following spells:

 Your Spells              Type           Power        Failure   Level  Hunger
a - Corona                Hex            ###....      2%          1    #......
b - Ensorcelled Hibernat  Hex/Ice        ##....       10%         2    ###....
c - Confuse               Hex            ###.....     10%         3    ####...


Dungeon Overview and Level Annotations

Branches:
Dungeon (5/27)
 Temple: D:4-7

Altars:
Ashenzari
Kikubaaqudgha
Okawaru
Zin

Annotations
D:3 5ubbak's ghost, average OpEn
D:4 Edmund


Innate Abilities, Weirdness & Mutations

You cannot wear most types of armour.
You are amphibious.
You can wear up to eight rings at the same time.
You can use your tentacles to constrict many enemies at once.
Your skin changes colour to match your surroundings (Stlth).
Your rubbery body absorbs attacks (AC +1).


Message History

Casting: Ensorcelled Hibernation
Confirm with . or Enter, or press ? or * to list all spells.
Aiming: Ensorcelled Hibernation
Press: ? - help, Shift-Dir - straight line, f/p - jelly
Aim: a jelly (severely wounded)
The jelly resists with some effort.
The jelly barely misses you.
Casting: Ensorcelled Hibernation
Confirm with . or Enter, or press ? or * to list all spells.
Aiming: Ensorcelled Hibernation
Press: ? - help, Shift-Dir - straight line, f/p - jelly
Aim: a jelly (severely wounded)
The jelly struggles to resist.
The jelly jiggles.
The jelly hits you.
You are splashed with acid!
The acid burns!
* * * LOW HITPOINT WARNING * * *
You see here a quokka skeleton.
There is a stone staircase leading up here.
You hear a slurping noise.
The jelly hits you.
You die...

##+######
#.......#
+.......#
#.......#
#.......+
#.......#
#.......#
#.J.....#
#@......#
##+######


You could see a jelly.

Vanquished Creatures
  A sky beast (D:5)
  An orc wizard (D:4)
  A worker ant (D:4)
  8 adders
  2 giant mites
  3 worms
  2 giant eyeballs (D:4)
  4 giant geckos
  2 oozes (D:2)
  5 orcs (D:4)
  6 bats
  A bat skeleton (D:4)
  12 hobgoblins
  2 quokkas
  2 ball pythons
  8 giant cockroaches
  4 giant newts
  12 goblins
  A hobgoblin skeleton (D:4)
  6 jackals
  10 kobolds
  15 rats
108 creatures vanquished.

Notes
Turn   | Place    | Note
--------------------------------------------------------------
     0 | D:1      | 5ubbak, the Octopode Enchanter, began the quest for the Orb.
     0 | D:1      | Reached XP level 1. HP: 11/11 MP: 3/3
    93 | D:1      | Reached XP level 2. HP: 17/17 MP: 4/4
   114 | D:1      | Learned a level 2 spell: Ensorcelled Hibernation
  1266 | D:2      | Reached XP level 3. HP: 16/21 MP: 2/5
  1267 | D:2      | +int
  1712 | D:2      | Reached skill level 4 in Hexes
  1726 | D:2      | Reached XP level 4. HP: 23/27 MP: 2/7
  1882 | D:2      | HP: 1/27 [poisoned by an adder]
  2856 | D:2      | Reached skill level 1 in Ice Magic
  2986 | D:3      | Noticed 5ubbak's ghost (average OpEn)
  3101 | D:3      | Reached XP level 5. HP: 20/31 MP: 8/8
  3113 | D:3      | Learned a level 3 spell: Confuse
  3343 | D:3      | Found a glowing silver altar of Zin.
  4301 | D:4      | Noticed Edmund
  4724 | D:4      | Paralysed by a giant eyeball for 2 turns
  4730 | D:4      | Paralysed by a giant eyeball for 3 turns
  4973 | D:4      | Reached skill level 5 in Stealth
  4973 | D:4      | Reached XP level 6. HP: 11/36 MP: 0/10
  4974 | D:4      | +Str
  5290 | D:4      | HP: 1/36 [Edmund/glowing flail (2)]
  6226 | D:4      | Found an iron altar of Okawaru.
  6437 | D:4      | Found a shattered altar of Ashenzari.
  6437 | D:4      | Found an ancient bone altar of Kikubaaqudgha.
  6463 | D:5      | Entered Level 5 of the Dungeon
  7046 | D:5      | Slain by a jelly

Action                   |  1- 3 |  4- 6 || total
-------------------------+-------+-------++-------
Melee: Dagger            |    73 |   178 ||   251
       Short sword       |       |     1 ||     1
 Cast: Ensorcelled Hiber |     6 |    41 ||    47
       Confuse           |       |    13 ||    13
  Use: Scroll            |     2 |     3 ||     5
       Potion            |       |     1 ||     1
 Stab: Sleeping          |    18 |    29 ||    47
